[Event "Maria Albulet Memorial 2018"]
[Site "Braila"]
[Date "2018.11.04"]
[Round "3"]
[White "Ciolacu, Alessia-Mihaela"]
[Black "Hrib, Andrada-Ioana"]
[Result "1-0"]
[ECO "D53"]
[WhiteElo "1972"]
[BlackElo "1770"]
[Annotator "NA RC"]
[PlyCount "126"]
[EventDate "2018.11.03"]
[EventType "swiss"]
[EventCountry "ROU"]
[SourceTitle "playchess.com"]
[Source "ChessBase"]
[SourceQuality "1"]
[TimeControl "40/5400+30:900+30"]

1. d4 d5 2. c4 e6 3. Nc3 Nf6 4. Bg5 Be7 5. e3 h6 6. Bxf6 Bxf6 7. Nf3 O-O 8. Rc1 c6 9. Bd3 Nd7 10. O-O g6 11. Qc2 Bg7 12. Rfd1 Qe7 13. a3 dxc4 14. Bxc4 Nb6 15. Ba2 Rd8 16. Ne4 Nd5 17. Nc5 b6 18. Nd3 Bb7 19. Nde5 Rdc8 20. Qa4 c5 21. dxc5 bxc5 22. Rd2 Nb6 23. Qc2 Rc7 24. Rcd1 Nd5 25. Bc4 Rb8 26. Qd3 Ba8 27. Qe2 Kh7 28. Bd3 Rbc8 29. Rc2 Bb7 30. Ba6 Bxa6 31. Qxa6 Bxe5 32. Nxe5 Qf6 33. Nc4 Qe7 34. Rcd2 Rc6 35. Qb5 R6c7 36. e4 Nf6 37. Nd6 Rg8 38. e5 Nd5 39. Ne4 Rgc8 40. Qe2 Rb8 41. Rxd5 exd5 42. Nf6+ Kg7 43. Nxd5 Qd8 44. e6 Rcc8 45. Qe5+ f6 46. Qc3 Rc6 47. Ne3 Rd6 48. Nf5+ gxf5 49. Qg3+ Kf8 50. Rxd6 Qe7 51. Qf4 Rd8 52. Qxh6+ Kg8 53. Qg6+ Kh8 54. Qh5+ Kg7 55. Rxd8 Qxd8 56. Qf7+ Kh6 57. Qd7 Qa5 58. Kf1 Qa6+ 59. Ke1 Qc4 60. e7 Qe4+ 61. Kd2 Qf4+ 62. Kc2 Qe4+ 63. Kc3 Qe5+ 1-0

[Event "Maria Albulet Memorial 2018"]
[Site "Braila"]
[Date "2018.11.04"]
[Round "3"]
[White "Nistor, Valentina"]
[Black "Maria, Lia-Alexandra"]
[Result "1-0"]
[ECO "B41"]
[WhiteElo "1881"]
[BlackElo "1479"]
[Annotator "NA RC"]
[PlyCount "59"]
[EventDate "2018.11.03"]
[EventType "swiss"]
[EventCountry "ROU"]
[SourceTitle "playchess.com"]
[Source "ChessBase"]
[SourceQuality "1"]
[TimeControl "40/5400+30:900+30"]

1. e4 c5 2. Nf3 e6 3. d4 cxd4 4. Nxd4 a6 5. c4 Nf6 6. Nc3 Qc7 7. a3 d6 8. Be3 Nbd7 9. Be2 Be7 10. O-O O-O 11. Rc1 b6 12. f3 Bb7 13. b4 Rac8 14. Qe1 Qb8 15. Qg3 Rfe8 16. Rfd1 Nf8 17. Bd3 Bd8 18. f4 Bc7 19. Rf1 Qa8 20. Qf3 Ng6 21. Rce1 e5 22. Nf5 exf4 23. Bxf4 Nxf4 24. Qxf4 Kh8 25. Nxg7 Nxe4 26. Nxe8 Rxe8 27. Nxe4 d5 28. Qf6+ Kg8 29. Qxf7+ Kh8 30. Nf6 1-0

[Event "Maria Albulet Memorial 2018"]
[Site "Braila"]
[Date "2018.11.04"]
[Round "3"]
[White "Otetea, Ioana"]
[Black "Bucur, Denisa-Andreea"]
[Result "0-1"]
[ECO "B43"]
[WhiteElo "1602"]
[BlackElo "2012"]
[Annotator "NA RC"]
[PlyCount "86"]
[EventDate "2018.11.03"]
[EventType "swiss"]
[EventCountry "ROU"]
[SourceTitle "playchess.com"]
[Source "ChessBase"]
[SourceQuality "1"]
[TimeControl "40/5400+30:900+30"]

1. e4 c5 2. Nf3 e6 3. d4 cxd4 4. Nxd4 a6 5. Nc3 Qc7 6. g3 Nf6 7. Bg2 d6 8. a4 Nc6 9. O-O Be7 10. Kh1 O-O 11. f4 Rb8 12. Bf3 Re8 13. g4 Nd7 14. g5 Bf8 15. f5 Nxd4 16. Qxd4 Ne5 17. f6 Nxf3 18. Rxf3 g6 19. Qf2 b5 20. Qh4 b4 21. Rh3 h5 22. gxh6 Kh7 23. Ne2 Qxc2 24. Ng1 Bb7 25. Re3 Rbc8 26. Re2 Qd3 27. Re3 Qd4 28. Nh3 Kh8 29. Re1 d5 30. Be3 Qxb2 31. Ng5 Rc7 32. Bb6 Rd7 33. Rab1 Qc2 34. Qg4 dxe4 35. Nxe4 Rc8 36. Kg1 Rc4 37. Rbc1 Qd3 38. Rxc4 Qxc4 39. Bf2 b3 40. Qe2 Qxe4 41. Qxe4 Bxe4 42. Rxe4 Rd1+ 43. Kg2 b2 0-1